 Dungeon Crawl Stone Soup version 0.21-a0-278-ga722497 (webtiles) character file.

381 Gorice the Archer (level 6, -2/43 HPs)
             Began as a Gnoll Arcane Marksman on Sept 20, 2017.
             Slain by a scorpion (5 damage)
             ... on level 3 of the Dungeon.
             The game lasted 00:20:02 (4363 turns).

Gorice the Archer (Gnoll Arcane Marksman)           Turns: 4363, Time: 00:20:02

Health: -2/43      AC:  5    Str:  7    XL:     6   Next: 75%
Magic:  3/8        EV: 17    Int:  7    God:
Gold:   123        SH:  0    Dex:  7    Spells: 5/8 levels left

rFire    . . .     SeeInvis .   b - +0 quarterstaff
rCold    . . .     Gourm    .   (shield currently unavailable)
rNeg     . . .     Faith    .   e - +0 robe
rPois    .         Spirit   .   v - +2 helmet
rElec    .         Reflect  .   (no cloak)
rCorr    .         Harm     .   (no gloves)
MR       .....                  (no boots)
Stlth    ++........             (no amulet)
HPRegen  0.14/turn              (no ring)
MPRegen  0.11/turn              (no ring)

@: brilliant, agile, lethally poisoned (-2 -> -6)
A: unchanging attributes, fangs 1, strong nose
a: no special abilities


You were on level 3 of the Dungeon.
You were not hungry.

You visited 1 branch of the dungeon, and saw 4 of its levels.

You collected 123 gold pieces.

Inventory:

Hand Weapons
 a - a +1 shortbow
 b - a +0 quarterstaff (weapon)
 j - a +0 short sword
 q - a +0 vampiric hand axe
   (You took it off Terence on level 2 of the Dungeon)
Missiles
 d - 16 arrows
 w - 16 bolts
Armour
 e - a +0 robe (worn)
 m - a +0 helmet
 n - a +0 ring mail
 o - a +0 chain mail
 v - a +2 helmet (worn)
Wands
 t - a wand of lightning (0/15)
 u - a wand of polymorph (7/24)
 x - a wand of iceblast (8/15)
 z - a wand of paralysis (13/24)
Scrolls
 k - a scroll of remove curse
 r - 4 scrolls of teleportation {!r}
Potions
 l - a potion of flight
 p - a potion of brilliance {!q}
 s - a potion of ambrosia
Books
 c - a book of Debilitation
 y - a book of Conjurations
Comestibles
 f - 3 bread rations {!e}
 i - 3 meat rations {!e}


   Skills:
 - Level 1.3 Fighting
 * Level 8.4 Bows
 - Level 2.6 Dodging
 - Level 1.5 Spellcasting
 + Level 5.4 Hexes


You had 5 spell levels left.
You knew the following spells:

 Your Spells              Type           Power        Failure   Level  Hunger
a - Corona                Hex            ##.....      1%          1    ##.....
b - Slow                  Hex            ##......     1%          2    ###....


Dungeon Overview and Level Annotations

Branches:
Dungeon (4/15)
 Temple: D:4-7

Altars:

Shops:
D:4 }


Innate Abilities, Weirdness & Mutations

Your physical attributes are unchanging.
You have very sharp teeth.
Your uncanny sense of smell can sniff out nearby items.


Message History

You eat one of the 4 meat rations {!e}.
That meat ration really hit the spot!
The scorpion barely misses you.
Casting: Corona
Confirm with . or Enter, or press ? or * to list all spells.
Aiming: Corona
Press: ? - help, Shift-Dir - straight line, f/p - scorpion
Aim: a scorpion (moderately wounded, chance to defeat MR: 49%)
Okay, then.
Unknown command.
Casting: Corona
Confirm with . or Enter, or press ? or * to list all spells.
You don't know that spell.
Casting: Corona
Confirm with . or Enter, or press ? or * to list all spells.
Aiming: Slow
Press: ? - help, Shift-Dir - straight line, f/p - scorpion
Aim: a scorpion (moderately wounded, chance to defeat MR: 49%)
The scorpion seems to slow down.
The scorpion closely misses you.
Casting: Slow
Confirm with . or Enter, or press ? or * to list all spells.
Aiming: Corona
Press: ? - help, Shift-Dir - straight line, f/p - scorpion
Aim: a scorpion (moderately wounded, slow, chance to defeat MR: 49%)
The scorpion is outlined in light.
The scorpion stings you.
* * * LOW HITPOINT WARNING * * *
Damage: 2 (max 6)
You hit the scorpion but do no damage. Your bite misses the scorpion.
The scorpion is moderately wounded.
You hit the scorpion.
The scorpion is moderately wounded.
The scorpion misses you.
You hit the scorpion.
The scorpion is heavily wounded.
The scorpion misses you.
You hit the scorpion but do no damage.
The scorpion is heavily wounded.
The scorpion stings you.
* * * LOW HITPOINT WARNING * * *
You are lethally poisoned!
The scorpion poisons you!
Damage: 3 (max 6)
You hit the scorpion but do no damage.
The scorpion is heavily wounded.
* * * LOW HITPOINT WARNING * * *
You feel sick. The scorpion barely misses you.
You hit the scorpion.
The scorpion is severely wounded.
* * * LOW HITPOINT WARNING * * *
You feel sick.
The scorpion stops glowing.
The scorpion stings you.
You die...

######## ###### #......#
.....#####......#########
.....'...+......'.......#
.....#####......#######.#
........##......# #.#
#######.##.....## #.#
#######.##)....### #.#
.))............s@# #.#
#######.##.....#)# #.# #
#.###...##.######.## #
#.# #.####.##).....#
#######.###.# #.##.######
..........#.# #.##.#
#######.#.#.# #.##.#
..####......# #.##.#
..'.....#.######.##.#


You could see a scorpion.

Vanquished Creatures
  A howler monkey (D:4)
  A bullfrog zombie (D:4)
  An orc priest (D:3)
  A bullfrog skeleton (D:4)
  Ijyb (D:3)
  Terence (D:2)
  An iguana (D:4)
  Robin (D:3)
  5 adders
  3 gnolls
  A howler monkey skeleton (D:4)
  An adder skeleton (D:4)
  A worm (D:4)
  3 dart slugs
  A leopard gecko (D:2)
  5 orcs
  2 giant cockroaches
  7 goblins
  5 hobgoblins
  15 jackals
  A quokka (D:3)
  5 bats
  3 kobolds
  8 rats
74 creatures vanquished.

Notes
Turn   | Place    | Note
-------+----------+-------------------------------------------
     0 | D:1      | Gorice the Gnoll Arcane Marksman began the quest for the Orb.
     0 | D:1      | Reached XP level 1. HP: 15/15 MP: 3/3
    82 | D:1      | Reached skill level 3 in Bows
   155 | D:1      | Reached XP level 2. HP: 11/21 MP: 1/4
   167 | D:1      | HP: 6/21 [dart slug/slug dart (2)]
   516 | D:1      | Reached skill level 4 in Bows
   962 | D:2      | Reached XP level 3. HP: 24/26 MP: 1/5
  1100 | D:2      | Noticed Terence
  1348 | D:2      | Reached skill level 5 in Bows
  1356 | D:2      | Learned a level 2 spell: Slow
  1416 | D:2      | Killed Terence
  1416 | D:2      | Reached XP level 4. HP: 27/32 MP: 0/6
  1809 | D:3      | HP: 6/32 [orc priest/nerve-wracking pain (13)]
  1817 | D:3      | HP: 2/32 [orc/hand axe (5)]
  1818 | D:3      | Reached skill level 6 in Bows
  2292 | D:3      | Noticed Robin
  2304 | D:3      | Reached XP level 5. HP: 35/37 MP: 7/7
  2311 | D:3      | Killed Robin
  2373 | D:3      | Noticed Ijyb
  2405 | D:3      | Killed Ijyb
  2484 | D:3      | Reached skill level 7 in Bows
  3549 | D:4      | Reached XP level 6. HP: 32/43 MP: 6/8
  3641 | D:4      | Found Vikil's Gadget Emporium.
  4009 | D:4      | Reached skill level 8 in Bows
  4009 | D:4      | Reached skill level 5 in Hexes
  4336 | D:3      | HP: 10/43 [scorpion (5)]
  4341 | D:3      | HP: 5/43 [poisoned by a scorpion]
  4347 | D:3      | HP: 9/43 [scorpion (6)]
  4349 | D:3      | HP: 4/43 [scorpion (5)]
  4357 | D:3      | HP: 7/43 [scorpion (3)]
  4362 | D:3      | HP: 4/43 [poisoned by a scorpion]
  4363 | D:3      | Slain by a scorpion

Vault maps used:
D:1:      dpeg_arrival_long_road, minmay_misc_feat_square,
          minmay_misc_feat_rows, minmay_misc_feat_tiny,
          minmay_misc_feat_four_crosses
D:2:      uniq_terence
D:3:      uniq_robin, uniq_ijyb
D:4:      first_bread, serial_shops,
          nicolae_shop_temple_entry_statues_fountains, portal_sewer_entry_a

Skill      XL: |  1  2  3  4  5  6 |
---------------+-------------------+-----
Bows           | 3 4 5 6 7 8 |  8.4
Hexes          | 5 |  5.4
Fighting       | |  1.3
Dodging        | |  2.6
Spellcasting   | |  1.5

Action                   |  1- 3 |  4- 6 || total
-------------------------+-------+-------++-------
Melee: Short sword       |       |     9 ||     9
       Quarterstaff      |       |    87 ||    87
       Bite              |       |     6 ||     6
 Fire: Shortbow          |    83 |   155 ||   238
 Cast: Corona            |    28 |    71 ||    99
       Slow              |     1 |     5 ||     6
Evoke: Wand              |       |     2 ||     2
  Use: Scroll            |     9 |     2 ||    11
       Potion            |       |     6 ||     6
  Eat: Chunk             |     2 |    11 ||    13
       Meat ration       |       |     1 ||     1
Armor: Robe              |    17 |    65 ||    82
Dodge: Dodged            |    48 |   160 ||   208

Table legend:
 A = Spawn XP
 B = Non-spawn XP
 C = Spawn XP percentage of total XP
 D = Spawn monster count
 E = Non-spawn monster count
 F = Spawn count percentage of total count
 G = Total turns spent on level
                    A         B        C        D         E        F      G
               +---------+---------+-------+---------+---------+-------+---------
         Total |       0 |     545 |   0.0 |       0 |      74 |   0.0 |  4363
               +---------+---------+-------+---------+---------+-------+---------
           D:1 |       0 |      24 |   0.0 |       0 |      12 |   0.0 |   869
           D:2 |       0 |      80 |   0.0 |       0 |      13 |   0.0 |   856
           D:3 |       0 |     188 |   0.0 |       0 |      34 |   0.0 |  2165
           D:4 |       0 |     253 |   0.0 |       0 |      15 |   0.0 |   473
               +---------+---------+-------+---------+---------+-------+---------

Table legend:
 A = Turns spent in this place as a percentage of turns spent in the entire game.
 B = Non-inter-level travel turns spent in this place as a percentage of non-inter-level travel turns spent in the entire game.
 C = Inter-level travel turns spent in this place as a percentage of turns spent in this place.
 D = Turns resting spent in this place as a percentage of non-inter-level travel turns spent in this place.
 E = Turns spent auto-exploring this place as a percentage of non-inter-level travel turns spent in this place.
 F = Non-inter-level travel turns spent in this place divided by the number of levels of this place that you've seen.
                   A       B       C       D       E      F
               +-------+-------+-------+-------+-------+----------------------
         Total | 100.0 | 100.0 |   4.5 |  26.8 |  37.1 | 1042.0
       Dungeon | 100.0 | 100.0 |   4.5 |  26.8 |  37.1 | 1042.0
               +-------+-------+-------+-------+-------+----------------------

Vault maps used:
D:1:      dpeg_arrival_long_road, minmay_misc_feat_square,
          minmay_misc_feat_rows, minmay_misc_feat_tiny,
          minmay_misc_feat_four_crosses
D:2:      uniq_terence
D:3:      uniq_robin, uniq_ijyb
D:4:      first_bread, serial_shops,
          nicolae_shop_temple_entry_statues_fountains, portal_sewer_entry_a
